 Dungeon Crawl Stone Soup version 0.31-a0-151-ge443d1f16c (webtiles) character file.

Game seed: 12471311749470941867

55 qw the Shooter (level 3, -1/31 HPs)
             Began as a Minotaur Hunter on June 8, 2023.
             Slain by Jessica
             ... wielding a +0 dagger
              (5 damage)
             ... on level 2 of the Dungeon.
             The game lasted 00:00:19 (562 turns).

qw the Shooter (Minotaur Hunter)                     Turns: 562, Time: 00:00:19

Health: -1/31      AC:  6    Str: 15    XL:     3   Next: 67%
Magic:  2/2        EV: 11    Int:  6    God:
Gold:   23         SH:  0    Dex: 15    Spells: 2/2 levels left

rFire   . . .        Y - +0 shortbow
rCold   . . .        (shield currently unavailable)
rNeg    . . .        h - +0 ring mail
rPois   .            (helmet restricted)
rElec   .            (no cloak)
rCorr   .            (no gloves)
SInv    .            k - +0 pair of boots
Will    .....        (no amulet)
Stlth   +            (no ring)
HPRegen 0.25/turn    (no ring)
MPRegen 0.08/turn

%: no passive effects
@: no status effects
A: horns 2, retaliatory headbutt
a: no special abilities


You were on level 2 of the Dungeon.
You visited 1 branch of the dungeon, and saw 2 of its levels.

You collected 23 gold pieces.


Innate Abilities, Weirdness & Mutations

You have a pair of horns on your head.
You reflexively headbutt those who attack you in melee.


   Skills:
 - Level 3.0 Fighting
 + Level 5.5 Ranged Weapons
 - Level 1.2 Armour
 - Level 2.1 Dodging
 - Level 0.7 Stealth


You had 2 spell levels left.
You didn't know any spells.
Your spell library was empty.

Inventory:

Hand Weapons
 Y - a +0 shortbow (weapon)
Armour
 h - a +0 ring mail (worn)
 k - a +0 pair of boots (worn)
Scrolls
 a - a scroll of identify
 b - 2 scrolls of fog {unknown}
Potions
 e - a potion of curing
 i - a potion of heal wounds {unknown}

Dungeon Overview and Level Annotations

Branches:
Dungeon (2/15)

Altars:

Annotations:
D:2 Jessica


Message History

Jessica looks very angry.
You shoot an arrow.
The arrow hits the adder but does no damage.
You hear an angry hiss.
The adder bites you but does no damage. The adder barely misses you.
Jessica hits you with a +0 dagger.
You shoot an arrow. The arrow hits the adder.
The adder is lightly wounded.
An adder comes into view.
The adder closely misses you.
Jessica points at you and mumbles some strange words.
Pain shoots through your body! The adder bites you but does no damage.
You shoot an arrow. The arrow closely misses the adder.
The arrow hits the rat!
You kill the rat!
A ball python comes into view.
Jessica gestures wildly while chanting.
Jessica seems to speed up.
The adder bites you but does no damage.
Jessica mumbles some strange words.
Jessica blinks!
You shoot an arrow. The arrow hits the adder.
The adder is heavily wounded.
The adder barely misses you. The adder completely misses you.
The adder bites you but does no damage. x2
You shoot an arrow. The arrow hits the adder!
You kill the adder!
The ball python closely misses you. The ball python grabs you.
The ball python constricts you. The adder bites you but does no damage.
Jessica gestures wildly while chanting.
Jessica blinks!
The ball python bites you. The ball python constricts you.
The adder barely misses you.
You shoot an arrow. The arrow hits the ball python.
The ball python is heavily wounded.
The ball python bites you but does no damage.
The ball python constricts you. The adder bites you.
You shoot an arrow. The arrow hits the ball python.
You kill the ball python!
Jessica gestures at you while chanting. Pain shoots through your body!
The adder closely misses you. Jessica hits you with a +0 dagger.
You die...

..# #... #.# #.... ##### #.#
...<# ####.#.# #.# ...# ##.#....#
#.##.%# ##......## #.#...
#......## ###.#@# ##....##
##...@.# #....#######..##.S.#
....###......###.ยค..#
#.......#######..##.# :.....###
#.## .# #..##.#########.### .
######## ...........>...... ###
###.......
#####..##...##..####.###.##.#####
##..#...##....#.#_#.#...# #


You could see an adder and Jessica (fast).

Vanquished Creatures
  3 adders (D:2)
  3 endoplasms (D:1)
  4 goblins
  2 hobgoblins (D:1)
  2 kobolds (D:1)
  A quokka (D:1)
  4 ball pythons
  4 bats (D:1)
  2 frilled lizards (D:1)
  A rat (D:2)
26 creatures vanquished.

Notes
Turn   | Place    | Note
-------+----------+-------------------------------------------
     0 | D:1      | qw the Minotaur Hunter began the quest for the Orb.
     0 | D:1      | Reached XP level 1. HP: 18/18 MP: 0/0
     0 | D:1      | 0 ||| qw: Version: 0.2-a-120-gdf1a93b
     0 | D:1      | 0 ||| qw: Game counter: 3027
     0 | D:1      | 0 ||| qw: Always use a shield: true
     0 | D:1      | 0 ||| qw: God list: Okawaru
     0 | D:1      | 0 ||| qw: Allow faded altars: false
     0 | D:1      | 0 ||| qw: Do Orc after D:15 true
     0 | D:1      | 0 ||| qw: Do second Lair branch before Depths: true
     0 | D:1      | 0 ||| qw: Lair rune preference: random
     0 | D:1      | 0 ||| qw: Plans: Normal
     0 | D:1      | 0 ||| PLANNING D:1-11
   131 | D:1      | Reached XP level 2. HP: 25/25 MP: 1/1
   140 | D:1      | Reached skill level 5 in Ranged Weapons
   241 | D:1      | Reached skill level 3 in Fighting
   404 | D:1      | 404 ||| UPGRADING to +0 ring mail.
   414 | D:1      | 414 ||| DROPPING +0 leather armour.
   415 | D:1      | 415 ||| UPGRADING to +0 pair of boots.
   420 | D:1      | 420 ||| READING 4 scrolls labelled CUMIYS BIENG.
   421 | D:1      | 421 ||| READING scroll labelled PIACKU HURO.
   422 | D:1      | 422 ||| READING scroll labelled SETHRIU UBAKK.
   427 | D:1      | 427 ||| READING 3 scrolls of identify.
   427 | D:1      | 427 ||| IDENTIFYING metallic silvery potion
   428 | D:1      | 428 ||| READING 2 scrolls of identify.
   428 | D:1      | 428 ||| IDENTIFYING lumpy white potion
   429 | D:1      | 429 ||| DROPPING scroll of butterflies.
   430 | D:1      | 430 ||| DROPPING potion of lignification.
   487 | D:2      | Found a faded altar of an unknown god.
   542 | D:2      | Reached skill level 1 in Armour
   542 | D:2      | Reached XP level 3. HP: 31/31 MP: 2/2
   554 | D:2      | Noticed Jessica
   562 | D:2      | HP: 4/31 [Jessica/nerve-wracking pain (14)]
   562 | D:2      | Slain by Jessica

Levels and vault maps discovered:
D:1:      beargit_arrival_greenhouse, layout_basic, minmay_misc_feat_alley
D:2:      layout_rooms, basic_altar, chequers_ecumenical_altar_twisty,
          nicolae_figureground_sparkle, uniq_natasha, uniq_jessica

Skill      XL: |  1  2 |
---------------+-------+-----
Ranged Weapons | 5 |  5.5
Fighting       | 3 |  3.0
Armour         | 1 |  1.2
Dodging        | |  2.1
Stealth        | |  0.7

Action                     || total
---------------------------++-------
   Fire: Shortbow          ||    66
    Use: Scroll            ||     5
 Armour: Leather armour    ||     7
         Ring mail         ||     8
  Dodge: Dodged            ||    23

Table legend:
 A = Non-vault XP
 B = Vault XP
 C = Vault XP percentage of total XP
 D = Non-vault monster count
 E = Vault monster count
 F = Vault count percentage of total count
                 A         B        C        D         E       F
            +---------+---------+-------+---------+---------+-------
      Total |      81 |       0 |   0.0 |      26 |       0 |   0.0
            +---------+---------+-------+---------+---------+-------
        D:1 |      34 |       0 |   0.0 |      20 |       0 |   0.0
        D:2 |      47 |       0 |   0.0 |       6 |       0 |   0.0
            +---------+---------+-------+---------+---------+-------
